AoeStats
← beneath mariana

African Clearing

506597538Analyzed
4v4 RM · 18d ago on Sep 14, 2026· 32m 46s· 8 players
Game mode
Random Map
Map size
Large (8 player)
Population
200
Speed
Normal
Resources
Standard
Victory
Conquest
Starting age
Dark Age
Ending age
Imperial Age
RankedLock teamsTeams togetherTeam positionsShared explorationLock speedFull tech treeHidden civsTurbo modeCheats
Victory
Defeat
🇨🇳 Berbers · China
1602
+7
🇨🇳 Persians · China
1597
+7
🇨🇳 Goths · China
1463
+12
🇮🇳 Huns · India
1407
+14
🇨🇳 Vietnamese · China
1427
-12
🇲🇽 Mongols · Mexico
1408
-11
🇨🇴 Maya · Colombia
1362
-9
🇺🇸 Gurjaras · United States
1335
-8
啥牌子的
2:53 Loom
Justin Credible
5:41 Loom
11:57 Feudal Age
12:24 Double-Bit Axe
13:13 Horse Collar
16:35 Forging
17:32 Scale Barding Armor
20:54 Wheelbarrow
23:41 Castle Age
22:27 Bloodlines
22:32 Fletching
22:43 Padded Archer Armor
26:35 Bodkin Arrow
31:54 Ballistics
beneath mariana
3:10 Loom
13:56 Feudal Age
15:26 Double-Bit Axe
17:52 Castle Age
16:36 Horse Collar
17:49 Stone Mining
19:28 Stone Shaft Mining
21:59 Scale Mail Armor
23:03 Wheelbarrow
22:16 Town Watch
24:23 Chain Mail Armor
24:42 Bow Saw
27:21 Forging
28:03 Squires
28:00 Pikeman
32:35 Gold Mining
Bo Zhi Shang
4:38 Loom
12:24 Feudal Age
19:51 Castle Age
17:57 Double-Bit Axe
18:22 Fletching
19:55 Padded Archer Armor
20:28 Bloodlines
24:22 Bow Saw
28:26 Wheelbarrow
xinyuan.zhao22
9:00 Loom
12:44 Feudal Age
13:28 Double-Bit Axe
16:31 Town Watch
17:39 Fletching
24:57 Castle Age
24:03 Forging
24:36 Scale Barding Armor
Estan_Jugando_?
6:28 Loom
15:48 Feudal Age
20:42 Fletching
31:51 Wheelbarrow
34:29 Castle Age
32:39 Double-Bit Axe
32:36 Horse Collar
El Senador
5:26 Loom
13:10 Feudal Age
13:54 Double-Bit Axe
21:51 Castle Age
[KT] The Best
3:19 Loom
15:08 Feudal Age
15:45 Double-Bit Axe
16:33 Gold Mining
20:03 Castle Age
18:05 Fletching
18:15 Padded Archer Armor
18:02 Horse Collar
20:12 Crossbowman
20:59 Thumb Ring
20:54 Bodkin Arrow
23:10 Bow Saw
24:05 Leather Archer Armor
24:11 Town Watch
25:43 Heavy Plow
25:34 Stone Mining
27:21 Wheelbarrow
28:23 Stone Shaft Mining
31:48 Hand Cart
Connection lost

Rejoining the realm…

Still unreachable

The connection could not be restored.

Session expired

The server has moved on; the page needs a fresh start.